 Dungeon Crawl Stone Soup version 0.28.0-53-g5a82cb258f (webtiles) character file.

Game seed: 4901874482822135478

139 safid the Chopper (level 5, -8/46 HPs)
             Began as a Hill Orc Fighter on Aug 16, 2022.
             Killed by divine providence
             ... invoked by an orc priest
              (11 damage)
             ... on level 4 of the Dungeon.
             The game lasted 00:02:25 (2928 turns).

safid the Chopper (Hill Orc Fighter)                Turns: 2928, Time: 00:02:27

Health: -8/46      AC: 11    Str: 21    XL:     5   Next: 22%
Magic:  5/5        EV:  7    Int:  8    God:
Gold:   124        SH:  4    Dex: 10    Spells: 4/4 levels left

rFire   . . .      SeeInvis .   a - +0 war axe
rCold   . . .      Faith    .   c - +0 buckler
rNeg    . . .      Spirit   .   v - +0 chain mail
rPois   .          Reflect  .   t - +0 helmet
rElec   .          Harm     .   (no cloak)
rCorr   .          Rampage  .   g - +0 pair of gloves
Will    .....                   (no boots)
Stlth   ..........              (no amulet)
HPRegen 0.15/turn               o - +4 ring of slaying
MPRegen 0.09/turn               (no ring)

@: mighty
A: no striking features
a: Convert to Beogh


You were on level 4 of the Dungeon.
You visited 1 branch of the dungeon, and saw 4 of its levels.

You collected 124 gold pieces.

Inventory:

Hand Weapons
 a - a +0 war axe (weapon)
Missiles
 n - 2 poisoned darts (quivered)
Armour
 c - a +0 buckler (worn)
 g - a +0 pair of gloves (worn)
 t - a +0 helmet (worn)
 v - a +0 chain mail (worn)
Jewellery
 o - a +4 ring of slaying (left hand)
Scrolls
 e - a scroll of blinking {unknown}
 f - 2 scrolls of enchant armour {unknown}
 i - a scroll of identify {unknown}
 j - a scroll of torment {unknown}
 m - a scroll of brand weapon {unknown}
 p - 3 scrolls of teleportation {unknown}
 q - a scroll of noise {unknown}
 w - a scroll of fear {unknown}
 x - a scroll of enchant weapon {unknown}
Potions
 b - 3 potions of curing {unknown}
 h - 2 potions of heal wounds {unknown}
 k - 2 potions of lignification {unknown}
 l - 3 potions of mutation {unknown}
 r - a potion of cancellation {unknown}
 s - a potion of invisibility
 u - a potion of degeneration {unknown}


   Skills:
 - Level 4.0 Fighting
 + Level 5.5 Axes
 - Level 4.0 Armour
 - Level 4.0 Shields


You had 4 spell levels left.
You didn't know any spells.
Your spell library contained the following spells:

 Spells                   Type           Power      Damage    Failure   Level
 Foxfire                  Conj/Fire      0%         2x1d4     99%         1
 Conjure Flame            Conj/Fire      0%         6-21      100%        3
 Inner Flame              Hex/Fire       0%         N/A       100%        3
 Flame Wave               Conj/Fire      0%         2d4       100%        4


Dungeon Overview and Level Annotations

Branches:
Dungeon (4/15)
 Temple: D:4-7

Altars:
Fedhas
Sif Muna

Shops:
D:1 :


Message History

The orc moves out of view.
An orc priest comes into view. It is wielding a +0 dagger.
You see here a scroll labelled TOBIYD CUOT.
You closely miss the orc.
The orc hits you with a +0 hand axe of electrocution.
You are electrocuted!
The orc hits you but does no damage.
You slice the orc!!
You kill the orc!
The orc priest invokes the aid of Beogh against you.
Beogh smites you!
You are too injured to fight recklessly!
You are too injured to fight recklessly!
You are too injured to fight recklessly!
You are too injured to fight recklessly!
You are too injured to fight recklessly!
You are too injured to fight recklessly!
You are too injured to fight recklessly!
You are too injured to fight recklessly!
You are too injured to fight recklessly!
You are too injured to fight recklessly!
You are too injured to fight recklessly!
You are too injured to fight recklessly!
You are too injured to fight recklessly!
You are too injured to fight recklessly!
You are too injured to fight recklessly!
Unknown command.
You are too injured to fight recklessly!
You are too injured to fight recklessly!
Unknown command.
You closely miss the orc priest.
Unknown command.
You feel very mighty all of a sudden.
Unknown command.
You slash the orc warrior!
The orc warrior is heavily wounded.
The orc warrior hits you with a +0 war axe!
* * * LOW HITPOINT WARNING * * *
The orc priest calls down the wrath of Beogh upon you.
Beogh smites you!
You die...

... .. .. .# .. .# . . o#. #o#
#o# #@# ### ##.# ##.### #..#
##....####.## ##.......##.#
##........##.# ##
##.........#..####### ###.
##.........##.....#..########...
#........<###..............)...<


You could see an orc warrior and 2 orc priests.

Vanquished Creatures
  Terence (D:2)
  3 adders
  A dart slug (D:1)
  4 worms
  8 orcs
  6 ball pythons
  6 endoplasms
  5 giant cockroaches
  3 goblins
  6 hobgoblins
  9 kobolds
  3 quokkas
  7 bats
  A rat (D:2)
63 creatures vanquished.

Notes
Turn   | Place    | Note
-------+----------+-------------------------------------------
     0 | D:1      | safid the Hill Orc Fighter began the quest for the Orb.
     0 | D:1      | Reached XP level 1. HP: 19/19 MP: 1/1
   218 | D:1      | Found a faded altar of an unknown god.
   351 | D:1      | Found Qeexail's Book Emporium.
   373 | D:1      | Reached XP level 2. HP: 27/27 MP: 2/2
   482 | D:1      | Reached skill level 3 in Axes
  1007 | D:2      | Noticed Terence
  1015 | D:2      | Killed Terence
  1016 | D:2      | Reached XP level 3. HP: 24/33 MP: 3/3
  1422 | D:2      | Reached XP level 4. HP: 22/40 MP: 4/4
  1651 | D:2      | Reached skill level 4 in Axes
  2238 | D:3      | Found a shimmering blue altar of Sif Muna.
  2533 | D:3      | Found a blossoming altar of Fedhas.
  2689 | D:4      | Reached skill level 5 in Axes
  2795 | D:4      | Reached XP level 5. HP: 46/46 MP: 5/5
  2921 | D:4      | Noticed an orc warrior
  2928 | D:4      | Killed from afar by an orc priest

Illustrated notes

Levels and vault maps discovered:
D:1:      roderic_octagonal_star, layout_basic,
          hellmonk_ecumenical_altar_run_dry, serial_shops,
          nicolae_shop_statue_plus
D:2:      layout_basic, uniq_terence
D:3:      layout_loops_ring, mainiacjoe_overflow_alcove_4,
          mainiacjoe_overflow_alcove_1
D:4:      layout_cave_pods, serial_shops, shop, minmay_bent, uniq_sigmund

Skill      XL: |  1  2  3  4 |
---------------+-------------+-----
Axes           | 3 5 |  5.5
Fighting       | 4 |  4.0
Armour         | 4 |  4.0
Shields        | 4 |  4.0

Action                   |  1- 3 |  4- 6 || total
-------------------------+-------+-------++-------
Melee: War axe           |    70 |    92 ||   162
  Use: Potion            |       |     1 ||     1
Armor: Scale mail        |    28 |     4 ||    32
       Chain mail        |       |    44 ||    44
Dodge: Dodged            |    26 |    27 ||    53
Block: Buckler           |    15 |    14 ||    29
